 Dungeon Crawl Stone Soup version 0.24-a0-130-ga3c21ff (webtiles) character file.

Game seed: 3876771415167955604

138 Borgoz the Sneak (level 5, -4/39 (41) HPs)
             Began as a Ghoul Enchanter on Feb 26, 2019.
             Slain by an iguana (12 damage)
             ... on level 4 of the Dungeon.
             The game lasted 00:06:46 (3448 turns).

Borgoz the Sneak (Ghoul Enchanter)                  Turns: 3448, Time: 00:06:48

HP:   -4/39 (41)    AC:  5    Str: 12    XL:     5   Next: 21%
MP:   2/6           EV: 11    Int: 10    God:
Gold: 110           SH:  0    Dex: 10    Spells: 4/7 levels left

rFire    . . .     SeeInvis +     - Unarmed
rCold    + . .     Gourm    .   (no shield)
rNeg     + + +     Faith    .   j - +0 ring mail
rPois    ∞         Spirit   .   (no helmet)
rElec    .         Reflect  .   (no cloak)
rCorr    .         Harm     .   (no gloves)
MR       .....                  (no boots)
Stlth    ++........             (no amulet)
HPRegen  0.00/turn              e - ring of see invisible
MPRegen  0.10/turn              (no ring)

@: very slightly contaminated, rotting, studying Staves
A: rotting body, claws 1, carnivore, cold resistance 1, negative energy
resistance 3, inhibited regeneration, torment resistance, unbreathing
a: no special abilities


You were on level 4 of the Dungeon.
You were not hungry.

You visited 1 branch of the dungeon, and saw 5 of its levels.

You collected 110 gold pieces.

Inventory:

Armour
 a - a +0 leather armour
 j - a +0 ring mail (worn)
Jewellery
 e - a ring of see invisible (left claw)
Scrolls
 b - 4 scrolls of identify
 f - 3 scrolls of fear {unknown}
 i - a scroll of magic mapping {unknown}
 k - a scroll of enchant armour {unknown}
Books
 l - a manual of Staves
Comestibles
 d - 4 rations


   Skills:
 + Level 2.1 Fighting
   Level 0.8 Short Blades
 + Level 2.6 Dodging
 + Level 4.1 Stealth
 * Level 3.1 Unarmed Combat
 - Level 1.7 Spellcasting
 - Level 2.4 Hexes


You had 4 spell levels left.
You knew the following spells:

 Your Spells              Type           Power        Failure   Level  Hunger
a - Corona                Hex            #......      26%         1    ##.....
b - Ensorcelled Hibernat  Hex/Ice        #.....       56%         2    ###....

Your spell library contained the following spells:

 Spells                   Type           Power        Failure   Level  Hunger
 Confuse                  Hex            #.......     63%         3    ####...
 Tukima's Dance           Hex            #.......     63%         3    ####...
 Dazzling Spray           Conj/Hex       #.....       80%         3    ####...


Dungeon Overview and Level Annotations

Branches:
Dungeon (5/15)
 Temple: D:4-7

Altars:
Ashenzari
Gozag


Innate Abilities, Weirdness & Mutations

Your body is rotting away.
You thrive on raw meat.
You are immune to poison.
You have sharp fingernails.
You are carnivorous and can eat meat at any time.
Your flesh is cold resistant. (rC+)
You are immune to negative energy. (rN+++)
You do not regenerate when monsters are visible.
You are immune to unholy pain and torment.
You can survive without breathing.


Message History

You barely miss the iguana.
The iguana is lightly wounded.
The iguana barely misses you.
You barely miss the iguana.
The iguana is lightly wounded.
The iguana bites you.
You barely miss the iguana.
The iguana is lightly wounded.
The iguana bites you!
* * * LOW HITPOINT WARNING * * *
You scratch the iguana but do no damage.
The iguana is lightly wounded.
The iguana barely misses you.
You scratch the iguana.
The iguana is heavily wounded.
The iguana bites you but does no damage.
You barely miss the iguana.
The iguana is heavily wounded.
The iguana bites you!
You die...

#.# #.# #.......... #.# #.#
###.###...# ..############# #.#
#l##.#.#. ..............# #.#
#........ .############.### #.#
#..#.#.#. .# #...# #.# #..##...#
.# ###.###.#####..###.##
.##############..l.............#
................@########.######
###############...........#
#############


You could see an iguana.

Vanquished Creatures
  An iguana (D:4)
  A worker ant (D:4)
  A hound skeleton (D:4)
  2 adders (D:3)
  A worm (D:4)
  A dart slug (D:2)
  2 leopard geckos
  An orc (D:3)
  A ball python (D:1)
  5 bats
  4 giant cockroaches
  4 goblins
  6 hobgoblins
  8 jackals
  A quokka (D:4)
  5 frilled lizards
  2 kobolds (D:1)
  5 rats
51 creatures vanquished.

Notes
Turn   | Place    | Note
-------+----------+-------------------------------------------
     0 | D:1      | Borgoz the Ghoul Enchanter began the quest for the Orb.
     0 | D:1      | Reached XP level 1. HP: 14/14 MP: 2/2
   257 | D:1      | Reached XP level 2. HP: 21/22 MP: 3/3
   259 | D:1      | Reached skill level 1 in Unarmed Combat
   747 | D:1      | Reached skill level 1 in Fighting
  1018 | D:2      | Reached XP level 3. HP: 28/28 MP: 4/4
  1030 | D:2      | Learned a level 2 spell: Ensorcelled Hibernation
  1075 | D:2      | Found an opulent altar of Gozag.
  1915 | D:2      | Found a shattered altar of Ashenzari.
  2389 | D:3      | Reached XP level 4. HP: 20/34 MP: 5/5
  2411 | D:3      | Noticed a bullfrog
  2463 | D:4      | Reached skill level 4 in Stealth
  2925 | D:4      | Reached XP level 5. HP: 15/41 MP: 4/6
  3208 | D:5      | Entered Level 5 of the Dungeon
  3448 | D:4      | Slain by an iguana

Levels and vault maps discovered:
D:1:      roderic_crop_circles_arrival_small, layout_basic, serial_glass,
          glass_columns_a, glass_columns_a, glass_columns_a, glass_columns_c,
          hex_tiny, glass_columns_b, minmay_pentomino_p2
D:2:      layout_rooms, grunt_gozag_statues, nicolae_overflow_hidden_temple,
          serial_glass, glass_columns_b, glass_columns_a
D:3:      layout_basic, lemuel_doored_altar, minmay_misc_feat_five,
          minmay_cupped
D:4:      minmay_chambers_of_threes, layout_loops_ring,
          amethyst_overflow_temple_binary, minmay_manual_monolith
D:5:      layout_basic, zin_statuary, first_ration, moated_statue, trog_book

Skill      XL: |  1  2  3  4 |
---------------+-------------+-----
Unarmed Combat | 1 2 3 |  3.1
Dodging        | 2 |  2.6
Fighting       | 1 2 |  2.1
Stealth        | 4 |  4.1
Short Blades   | |  0.8
Spellcasting   | |  1.7
Hexes          | |  2.4

Action                   |  1- 3 |  4- 6 || total
-------------------------+-------+-------++-------
Melee: Unarmed           |   184 |   100 ||   284
       Dagger            |     1 |       ||     1
 Cast: Ensorcelled Hiber |     1 |     4 ||     5
       Corona            |     1 |     2 ||     3
  Use: Potion            |     2 |     2 ||     4
       Scroll            |       |     3 ||     3
 Stab: Sleeping          |     5 |     3 ||     8
  Eat: Chunk             |    12 |    10 ||    22
Armor: Robe              |     8 |       ||     8
       Leather armour    |    18 |       ||    18
       Ring mail         |    47 |    30 ||    77
Dodge: Dodged            |   141 |    43 ||   184

Table legend:
 A = Non-vault XP
 B = Vault XP
 C = Vault XP percentage of total XP
 D = Non-vault monster count
 E = Vault monster count
 F = Vault count percentage of total count
                 A         B        C        D         E       F
            +---------+---------+-------+---------+---------+-------
      Total |     140 |      58 |  29.3 |      47 |       4 |   7.8
            +---------+---------+-------+---------+---------+-------
        D:1 |      28 |       2 |   6.7 |      19 |       1 |   5.0
        D:2 |      21 |       0 |   0.0 |      11 |       0 |   0.0
        D:3 |      37 |       0 |   0.0 |       8 |       0 |   0.0
        D:4 |      54 |      56 |  50.9 |       9 |       3 |  25.0
            +---------+---------+-------+---------+---------+-------
